 Dungeon Crawl Stone Soup version 0.29-a0-410-g9596d59a08 (webtiles) character file.

Game seed: 8413401263793680114

48 KhasaRR the Chopper (level 3, 0/33 HPs)
             Began as a Minotaur Berserker on May 14, 2022.
             Was a Believer of Trog.
             Slain by Robin
             ... wielding a +0 spear
              (5 damage)
             ... on level 2 of the Dungeon.
             The game lasted 00:03:47 (924 turns).

KhasaRR the Chopper (Minotaur Berserker)             Turns: 924, Time: 00:03:47

Health: 0/33       AC:  2    Str: 23    XL:     3   Next: 50%
Magic:  2/2        EV: 12    Int:  4    God:    Trog [**....]
Gold:   83         SH:  0    Dex:  9    Spells: 2/2 levels left

rFire   . . .      SeeInvis .   a - +0 hand axe
rCold   . . .      Faith    .   (no shield)
rNeg    . . .      Spirit   .   b - +0 animal skin
rPois   .          Reflect  .   (helmet restricted)
rElec   .          Harm     .   (no cloak)
rCorr   .          Rampage  .   (no gloves)
Will    .....                   (no boots)
Stlth   +.........              (no amulet)
HPRegen 0.11/turn               (no ring)
MPRegen 0.08/turn               (no ring)

@: on berserk cooldown, slowed, very slow
A: horns 2, retaliatory headbutt
a: Renounce Religion, Berserk, Trog's Hand


You were on level 2 of the Dungeon.
You worshipped Trog.
Trog was pleased with you.
You visited 1 branch of the dungeon, and saw 2 of its levels.

You collected 83 gold pieces.

Inventory:

Hand Weapons
 a - a +0 hand axe (weapon)
Armour
 b - a +0 animal skin (worn)
Scrolls
 c - a scroll of blinking {unknown}
 e - a scroll of immolation {unknown}
 f - a scroll of amnesia {unknown}
 g - 2 scrolls of identify {unknown}
Potions
 d - a potion of curing {unknown}


   Skills:
 + Level 4.1 Fighting
 + Level 4.4 Axes
 * Level 2.8 Armour
 * Level 2.8 Dodging
 + Level 0.1 Stealth


You had 2 spell levels left.
You didn't know any spells.
Your spell library was empty.

Dungeon Overview and Level Annotations

Branches:
Dungeon (2/15)

Altars:

Annotations:
D:2 Robin


Innate Abilities, Weirdness & Mutations

You have a pair of horns on your head.
You reflexively headbutt those who attack you in melee.


Message History

Trog accepts your kill.
You closely miss the goblin. Your headbutt misses the goblin.
The goblin hits you with a +0 dagger.
You closely miss the goblin. You barely miss the goblin.
You are no longer berserk.
You are exhausted.
You feel yourself slow down. The goblin barely misses you.
You furiously retaliate!
You headbutt the goblin. You barely miss the goblin.
The goblin is moderately wounded.
The goblin hits you but does no damage. The goblin hits you with a +0 dagger.
You barely miss the goblin.
The goblin is moderately wounded.
The goblin closely misses you.
You hit the goblin.
You kill the goblin!
Trog accepts your kill.
The goblin shouts!
Robin of the Strong Arm comes into view.
They are wielding a +0 spear and carrying a wand of flame (21).
Items here: ))) †††.
Robin shouts!
Robin roars a battlecry!
The goblin goes into a battle-frenzy!
Robin throws the goblin at you! The goblin hits you with a +0 dagger.
You miss the goblin. The goblin barely misses you.
You slash the goblin!
You kill the goblin!
Trog accepts your kill. Robin hits you but does no damage.
Robin zaps a wand.
The puff of flame hits you! Robin hits you with a +0 spear.
You hit Robin. Your headbutt misses Robin.
Robin is lightly wounded.
Robin misses you. Robin hits you with a +0 spear.
* * * LOW HITPOINT WARNING * * *
You hit Robin.
Robin is moderately wounded.
Robin hits you with a +0 spear.
You die...

#........###.†.#.
#........# ##..#.
+........# #.>#.
#........# ##.#.
##........# #.#.
#.........# #.##
.....#..#######
#... ########..#
#### ....<.g@..#
..#.#.###)# # #.#
#.# ..# ####


You could see Robin.

Vanquished Creatures
  A worm (D:2)
  A dart slug (D:1)
  A bat (D:2)
  An endoplasm (D:1)
  2 giant cockroaches (D:1)
  5 hobgoblins
  8 jackals
  A quokka (D:1)
  4 ball pythons
  8 goblins
  2 kobolds
  3 rats (D:1)
37 creatures vanquished.

Notes
Turn   | Place    | Note
-------+----------+-------------------------------------------
     0 | D:1      | KhasaRR the Minotaur Berserker began the quest for the Orb.
     0 | D:1      | Reached XP level 1. HP: 19/19 MP: 0/0
    65 | D:1      | Reached XP level 2. HP: 21/27 MP: 1/1
   606 | D:2      | Reached XP level 3. HP: 25/33 MP: 2/2
   713 | D:2      | Reached ** piety under Trog
   917 | D:2      | Noticed Robin
   924 | D:2      | Slain by Robin

Illustrated notes

Levels and vault maps discovered:
D:1:      amcnicky_arrival_underground_garden, layout_basic, serial_rivers,
          chequers_serial_rivers_small_a, chequers_serial_rivers_room_a,
          chequers_serial_rivers_micro_d, chequers_serial_rivers_micro_e
D:2:      layout_basic, kennysheep_generic_room_15, uniq_natasha,
          uniq_crazy_yiuf_cottage, uniq_robin

Skill      XL: |  1  2 |
---------------+-------+-----
Axes           | 4 |  4.4
Fighting       | 4 |  4.1
Armour         | |  2.8
Dodging        | |  2.8
Stealth        | |  0.1

Action                   || total
-------------------------++-------
Melee: Hand axe          ||    85
       Headbutt          ||     9
Invok: Berserk           ||     3
Armor: Animal skin       ||    13
Dodge: Dodged            ||    50

Table legend: (Time is in decaauts)
 A = Elapsed time spent in this place.
 B = Non-inter-level travel time spent in this place.
 C = Inter-level travel time spent in this place.
 D = Time resting spent in this place.
 E = Time spent auto-exploring this place.
 F = Levels seen in this place.
 G = Mean time per level.
                   A        B        C        D        E       F      G
               +--------+--------+--------+--------+--------+-----+--------+
         Total |    948 |    937 |     11 |     99 |    554 |   2 |  474.0 |
       Dungeon |    948 |    937 |     11 |     99 |    554 |   2 |  474.0 |
               +--------+--------+--------+--------+--------+-----+--------+

Top non-repeatable levels by time:
     D:1: 603 daAuts
     D:2: 345 daAuts
